 Dungeon Crawl Stone Soup version 0.30-a0-509-gd016549fea (webtiles) character file.

Game seed: 13998297362678690039

69 funkygono the Firebug (level 4, 0/30 HPs)
             Began as a Demonspawn Fire Elementalist on Dec 22, 2022.
             Killed by divine providence
             ... invoked by an orc priest
              (16 damage)
             ... on level 3 of the Dungeon.
             The game lasted 00:02:42 (2346 turns).

funkygono the Firebug (DsFE)                        Turns: 2346, Time: 00:02:43

Health: 0/30       AC:  3    Str:  8    XL:     4   Next: 2%
Magic:  1/7        EV: 12    Int: 18    God:
Gold:   79         SH:  0    Dex: 14    Spells: 2/8 levels left

rFire   . . .      SeeInvis .    m - +0 whip
rCold   . . .      Faith    .    (no shield)
rNeg    . . .      Spirit   .    a - +0 robe
rPois   .          Reflect  .    (no helmet)
rElec   .          Harm     .    (no cloak)
rCorr   .          Rampage  .    (no gloves)
Will    .....                    (no boots)
Stlth   ++........               (no amulet)
HPRegen 0.25/turn                (no ring)
MPRegen 0.10/turn                (no ring)

@: no status effects
A: rugged brown scales 1, spiny 1
a: no special abilities


You were on level 3 of the Dungeon.
You visited 1 branch of the dungeon, and saw 3 of its levels.

You collected 79 gold pieces.

Inventory:

Hand Weapons
 d - a +0 club
 e - a +1 dagger of venom
 m - a +0 whip (weapon)
Armour
 a - a +0 robe (worn)
Scrolls
 c - 2 scrolls of teleportation {unknown}
 f - 3 scrolls of noise {unknown}
 i - a scroll of enchant armour {unknown}
 j - a scroll of fog {unknown}
 l - a scroll of blinking {unknown}
Potions
 b - 2 potions of magic
 g - a potion of heal wounds {unknown}
 h - a potion of degeneration {unknown}
 k - 2 potions of resistance {unknown}


   Skills:
 + Level 2.0 Dodging
 - Level 1.7 Stealth
 + Level 2.6 Spellcasting
 + Level 1.7 Conjurations
 + Level 3.6 Fire Magic


You had 2 spell levels left.
You knew the following spells:

 Your Spells              Type           Power      Damage    Failure   Level
a - Foxfire               Conj/Fire      48%        2x1d6     5%          1
b - Scorch                Fire           30%        2d6       6%          2
c - Kindle Blastsparks    Fire/Tloc/Air  12%        2d11      30%         3

Your spell library contained the following spells:

 Spells                   Type           Power      Damage    Failure   Level
 Inner Flame              Hex/Fire       8%         N/A       24%         3
 Flame Wave               Conj/Fire      12%        2d6       50%         4
 Cause Fear               Hex            1%         N/A       86%         4
 Discord                  Hex            1%         N/A       100%        8


Dungeon Overview and Level Annotations

Branches:
Dungeon (3/15)

Altars:


Innate Abilities, Weirdness & Mutations

You are partially covered in rugged brown scales. (AC +1, +3% HP)
You are partially covered in sharp spines.


Message History

Confirm with . or Enter, or press ? or * to list all spells.
You conjure some foxfire!
Casting: Foxfire (safe; 6% risk of failure)
Confirm with . or Enter, or press ? or * to list all spells.
You conjure some foxfire!
An orc priest comes into view. It is wielding a +0 hand axe.
Casting: Foxfire (safe; 6% risk of failure)
Confirm with . or Enter, or press ? or * to list all spells.
You conjure some foxfire!
The foxfire hits the orc.
The orc is moderately wounded.
The foxfire hits the orc.
The orc is heavily wounded.
Casting: Foxfire (safe; 6% risk of failure)
Confirm with . or Enter, or press ? or * to list all spells.
You conjure some foxfire!
The foxfire hits the orc.
The orc is almost dead.
Casting: Foxfire (safe; 6% risk of failure)
Confirm with . or Enter, or press ? or * to list all spells.
You conjure some foxfire!
The foxfire hits the orc but does no damage.
The orc is almost dead.
The foxfire hits the orc.
You kill the orc!
You have reached level 4!
You feel agile.
The foxfire hits the orc priest.
The orc priest is moderately wounded.
The foxfire hits the orc priest.
The orc priest is moderately wounded.
The foxfire hits the orc priest but does no damage.
The orc priest calls down the wrath of Beogh upon you.
You barely resist.
The orc priest calls down the wrath of Beogh upon you.
Beogh smites you!
The orc priest calls down the wrath of Beogh upon you.
Beogh smites you!
The orc priest mumbles some strange prayers to Beogh against you.
Beogh smites you!
Ouch! That really hurt!
You die...

#.... ########## #.... #........#
#.... #........# #.... #........#
#.... #........# ####....
###.......o###############.......
.........oo.....@................
...........###############....).†
....##..#### #....... ). o)...#
#....### v..##.## ###### # ...
#.# # .. #.# # . ##.# ..#


You could see 2 orc priests and an orc.

Vanquished Creatures
  An adder (D:3)
  2 dart slugs (D:2)
  2 orcs (D:3)
  5 ball pythons
  4 endoplasms
  A giant cockroach (D:1)
  4 goblins (D:1)
  9 hobgoblins
  3 quokkas
  7 bats
  A frilled lizard (D:2)
  4 kobolds
  6 rats
49 creatures vanquished.

Vanquished Creatures (others)
  129 foxfires
129 creatures vanquished.

Grand Total: 178 creatures vanquished

Notes
Turn   | Place    | Note
-------+----------+-------------------------------------------
     0 | D:1      | funkygono the Demonspawn Fire Elementalist began the quest
                  | for the Orb.
     0 | D:1      | Reached XP level 1. HP: 13/13 MP: 3/3
   220 | D:1      | Reached skill level 3 in Fire Magic
   270 | D:1      | Gained mutation: You are partially covered in sharp spines.
                  | [demonic ancestry]
   270 | D:1      | Reached XP level 2. HP: 19/19 MP: 1/5
   332 | D:1      | Found a faded altar of an unknown god.
  1310 | D:2      | Gained mutation: You are partially covered in rugged brown
                  | scales. (AC +1, +3% HP) [demonic ancestry]
  1310 | D:2      | Reached XP level 3. HP: 19/24 MP: 3/6
  1652 | D:2      | You fall into a shaft and drop 1 floor!
  2070 | D:2      | Learned a level 2 spell: Scorch
  2074 | D:2      | Learned a level 3 spell: Kindle Blastsparks
  2338 | D:3      | Reached XP level 4. HP: 30/30 MP: 0/7
  2346 | D:3      | Killed from afar by an orc priest

Illustrated notes

Levels and vault maps discovered:
D:1:      lemuel_arrival_muddy, layout_basic,
          shapermc_ecumenical_altar_hornbeckon, serial_bayou_pond_c,
          chequers_serial_rivers_micro_c, minmay_misc_feat_more_columns
D:2:      layout_basic
D:3:      layout_basic

Skill      XL: |  1  2 |
---------------+-------+-----
Fire Magic     | 3 |  3.6
Dodging        | 2 |  2.0
Stealth        | |  1.7
Spellcasting   | |  2.6
Conjurations   | |  1.7

Action                   |  1- 3 |  4- 6 || total
-------------------------+-------+-------++-------
Melee: Whip              |     2 |       ||     2
 Cast: Foxfire           |    75 |       ||    75
Dodge: Dodged            |     3 |       ||     3

Table legend: (Time is in decaauts)
 A = Elapsed time spent in this place.
 B = Non-inter-level travel time spent in this place.
 C = Inter-level travel time spent in this place.
 D = Time resting spent in this place.
 E = Time spent auto-exploring this place.
 F = Levels seen in this place.
 G = Mean time per level.
                   A        B        C        D        E       F      G
               +--------+--------+--------+--------+--------+-----+--------+
         Total |   2355 |   2297 |     58 |     43 |   1966 |   3 |  785.0 |
       Dungeon |   2355 |   2297 |     58 |     43 |   1966 |   3 |  785.0 |
               +--------+--------+--------+--------+--------+-----+--------+

Top non-repeatable levels by time:
     D:1: 1270 daAuts
     D:2: 784 daAuts
     D:3: 300 daAuts
